 Dungeon Crawl Stone Soup version 0.29-a0-284-gf9362112df (webtiles) character file.

Game seed: 7187478613511702601

149 Rennog the Conjurer (level 5, -5/35 HPs)
             Began as a Demonspawn Conjurer on Mar 28, 2022.
             Killed from afar by Natasha (10 damage)
             ... with a puff of flame
             ... on level 3 of the Dungeon.
             The game lasted 00:05:24 (3151 turns).

Rennog the Conjurer (Demonspawn Conjurer)           Turns: 3151, Time: 00:05:25

Health: -5/35      AC:  2    Str:  7    XL:     5   Next: 9%
Magic:  6/9        EV: 12    Int: 20    God:
Gold:   141        SH:  0    Dex: 13    Spells: 7/10 levels left

rFire   . . .      SeeInvis +   e - +0 long sword
rCold   . . .      Faith    .   (no shield)
rNeg    . . .      Spirit   .   a - +0 robe
rPois   .          Reflect  .   (helmet restricted)
rElec   .          Harm     .   (no cloak)
rCorr   .          Rampage  .   (no gloves)
Will    .....                   (no boots)
Stlth   ++........              (no amulet)
HPRegen 0.11/turn               j - ring of see invisible
MPRegen 0.11/turn               (no ring)

@: no status effects
A: horns 1, demonic magic 1
a: no special abilities


You were on level 3 of the Dungeon.
You visited 1 branch of the dungeon, and saw 3 of its levels.

You collected 141 gold pieces.

Inventory:

Hand Weapons
 e - a +0 long sword (weapon)
Missiles
 p - 2 throwing nets
Armour
 a - a +0 robe (worn)
Magical Staves
 l - a staff of death
Jewellery
 j - a ring of see invisible (left hand)
Scrolls
 c - a scroll of brand weapon {unknown}
 d - a scroll of fear {unknown}
 g - a scroll of silence {unknown}
 h - a scroll of magic mapping {unknown}
 k - 2 scrolls of fog {unknown}
 n - 2 scrolls of enchant weapon {unknown}
 o - a scroll of noise {unknown}
 q - 2 scrolls of blinking {unknown}
Potions
 b - a potion of magic
 f - a potion of curing {unknown}
 i - a potion of mutation {unknown}
 m - a potion of attraction {unknown}
 r - a potion of invisibility {unknown}


   Skills:
 - Level 0.2 Fighting
 - Level 0.2 Long Blades
 + Level 2.3 Dodging
 - Level 1.7 Stealth
 * Level 3.0 Spellcasting
 * Level 5.5 Conjurations


You had 7 spell levels left.
You knew the following spells:

 Your Spells              Type           Power      Damage    Failure   Level
a - Magic Dart            Conj           100%       1d8       1%          1
b - Searing Ray           Conj           50%        2d6       2%          2

Your spell library contained the following spells:

 Spells                   Type           Power      Damage    Failure   Level
 Freeze                   Ice            12%        1d4       14%         1
 Sandblast                Erth           6%         2d5       14%         1
 Conjure Flame            Conj/Fire      14%        6-21      14%         3
 Dazzling Flash           Conj/Hex       28%        N/A       14%         3
 Mephitic Cloud           Conj/Pois/Air  10%        N/A       21%         3
 Frozen Ramparts          Ice            6%         1d2       38%         3
 Ignite Poison            Fire/Tmut/Pois 3%         N/A       38%         3
 Fulminant Prism          Conj/Hex       7%         3d7       41%         4
 Hailstorm                Conj/Ice       14%        3d5       41%         4
 Iskenderun's Mystic Bla  Conj/Tloc      14%        2d5       41%         4
 Sticky Flame             Conj/Fire      14%        2d4       41%         4
 Lightning Bolt           Conj/Air       7%         1d19      77%         5
 Freezing Cloud           Conj/Ice/Air   5%         6-21      88%         5
 Lee's Rapid Deconstruct  Erth           1%         3d5*      98%         5


Dungeon Overview and Level Annotations

Branches:
Dungeon (3/15)

Altars:
Xom

Annotations:
D:3 Natasha, Robin


Innate Abilities, Weirdness & Mutations

You have a pair of small horns on your head.
Spells you cast may paralyse adjacent enemies.


Message History

Confirm with . or Enter, or press ? or * to list all spells.
Aiming: Searing Ray (safe; 2% risk of failure)
Press: ? - help, Shift-Dir - straight line, f - Natasha
Aim: Natasha, carrying a wand of flame (25) (74% to hit)
The searing ray hits Natasha.
Natasha is moderately wounded. (Press . to maintain the ray.) Malevolent energies surge around you.
Natasha mumbles some strange words.
The searing ray hits Natasha!
Natasha is almost dead.
The searing ray hits Natasha.
Natasha is almost dead.
Natasha mewls in sadness.
Natasha mumbles some strange words.
The crimson imp sputters.
The crimson imp blinks!
The searing ray hits Natasha.
You kill Natasha!
Natasha yowls pathetically as she dies!
The crimson imp disappears in a puff of smoke!
The white imp disappears in a puff of smoke!
You finish channelling your searing ray.
Your Spellcasting skill increases to level 3!
You have reached level 5!
Natasha, Servant of Life and Death comes into view.
She is carrying a wand of flame (25).
Natasha is nearby!
Natasha is nearby!
Natasha is nearby!
Natasha is nearby!
Natasha stares at you and mumbles some strange words.
The magic dart hits you!
Natasha drinks a potion.
Natasha seems to speed up.
Natasha hisses.
Natasha zaps a wand.
The puff of flame hits you.
Natasha zaps a wand.
The puff of flame hits you!
* * * LOW HITPOINT WARNING * * *
Natasha hisses.
Natasha zaps a wand.
The puff of flame hits you!
You die...

#...##.# ### #####.####.#####
#######.. #..............#
###....###. #..............#
#.......... #..............#
#.....).)..
#..............####..##.#...#
#####....#.######.......#.#.#
#....#..............#....
..###.##....@.#....h........#
. .....##......#.#.#..........
..#....##<.....#.#.#..#####...
#.#....+..)....h.#.#..........
#.#....##........#.#........##
#......#####)....#.#.#...#####
#......##........#.#.#..... +
#......##....รท...#.#.#...## #
####.....)..........# #. .


You could see Natasha (fast).

Vanquished Creatures
  Natasha (D:3)
  3 gnolls (D:2)
  3 adders
  2 dart slugs
  3 bats
  6 endoplasms
  2 giant cockroaches (D:2)
  13 goblins
  2 hobgoblins (D:2)
  4 jackals (D:1)
  6 kobolds
  9 ball pythons
  3 frilled lizards (D:1)
  4 rats
61 creatures vanquished.

Notes
Turn   | Place    | Note
-------+----------+-------------------------------------------
     0 | D:1      | Rennog the Demonspawn Conjurer began the quest for the Orb.
     0 | D:1      | Reached XP level 1. HP: 13/13 MP: 3/3
   194 | D:1      | Gained mutation: Spells you cast may paralyse adjacent
                  | enemies. [demonic ancestry]
   194 | D:1      | Reached XP level 2. HP: 18/19 MP: 0/5
   259 | D:1      | Got Qilel's Tome of Harmful Clay
   999 | D:1      | Gained mutation: You have a pair of small horns on your
                  | head. [demonic ancestry]
   999 | D:1      | Reached XP level 3. HP: 24/24 MP: 3/6
  1132 | D:1      | Found a faded altar of an unknown god.
  1325 | D:1      | Learned a level 2 spell: Searing Ray
  1414 | D:2      | Found a shimmering altar of Xom.
  1469 | D:2      | Reached skill level 5 in Conjurations
  1955 | D:2      | Reached XP level 4. HP: 30/30 MP: 2/7
  2768 | D:3      | Noticed Robin
  3074 | D:3      | Noticed Natasha
  3122 | D:3      | Killed Natasha
  3123 | D:3      | Reached XP level 5. HP: 25/35 MP: 3/9
  3132 | D:3      | Noticed Natasha
  3151 | D:3      | Killed from afar by Natasha

Illustrated notes

Levels and vault maps discovered:
D:1:      dpeg_arrival_leaves_temple_mockup, layout_basic,
          ebering_ecumenical_altar_rust
D:2:      layout_loops_ring, basic_altar
D:3:      layout_basic, uniq_natasha, uniq_robin

Skill      XL: |  1  2  3  4 |
---------------+-------------+-----
Conjurations   | 5 |  5.5
Dodging        | 2 |  2.3
Spellcasting   | 3 |  3.0
Fighting       | |  0.2
Long Blades    | |  0.2
Stealth        | |  1.7

Action                   |  1- 3 |  4- 6 || total
-------------------------+-------+-------++-------
Melee: Long sword        |     8 |       ||     8
       Headbutt          |     1 |       ||     1
 Cast: Magic Dart        |    64 |    29 ||    93
       Searing Ray       |     4 |     7 ||    11
Armor: Robe              |     5 |     1 ||     6
Dodge: Dodged            |    12 |     8 ||    20

Table legend: (Time is in decaauts)
 A = Elapsed time spent in this place.
 B = Non-inter-level travel time spent in this place.
 C = Inter-level travel time spent in this place.
 D = Time resting spent in this place.
 E = Time spent auto-exploring this place.
 F = Levels seen in this place.
 G = Mean time per level.
                   A        B        C        D        E       F      G
               +--------+--------+--------+--------+--------+-----+--------+
         Total |   3154 |   3073 |     81 |    147 |   2563 |   3 | 1051.3 |
       Dungeon |   3154 |   3073 |     81 |    147 |   2563 |   3 | 1051.3 |
               +--------+--------+--------+--------+--------+-----+--------+

Top non-repeatable levels by time:
     D:1: 1439 daAuts
     D:2: 1360 daAuts
     D:3: 355 daAuts
